 Dungeon Crawl Stone Soup version 0.17.1-3-g152610e (webtiles) character file.

570 kaze the Covered (level 7, -1/67 HPs)
             Began as a Minotaur Fighter on Apr 7, 2016.
             Slain by Shenda's ghost (7 damage)
             ... on level 6 of the Dungeon.
             The game lasted 00:06:38 (3357 turns).

kaze the Covered (Minotaur Fighter)                 Turns: 3357, Time: 00:06:38

Health: -1/67      AC:  8    Str: 28    XL:     7   Next: 11%
Magic:  6/6        EV:  9    Int:  5    God:
Gold:   235        SH: 10    Dex:  9    Spells: 0 memorised, 6 levels left

rFire  . . .     SeeInvis .     C - +3 trident
rCold  . . .     Rnd*Rage +     b - +0 scale mail
rNeg   . . .     SustAt   .     c - +0 shield
rPois  .         Gourm    .     (helmet restricted)
rElec  .         Spirit   .     (no cloak)
rCorr  .         Warding  .     g - +0 pair of gloves
rMut   .         Stasis   .     (no boots)
MR     .....                    (no amulet)
Stlth  ..........               (no ring)
                                (no ring)

@: mighty, not resistant to hostile enchantments, extremely unstealthy
A: retaliatory headbutt, horns 2, berserk 1, robust 1, spit poison 1
a: Spit Poison


You were on level 6 of the Dungeon.
You were not hungry.

You visited 1 branch of the dungeon, and saw 5 of its levels.
You also visited: Sewer.

You collected 235 gold pieces.

Inventory:

Hand Weapons
 a - a +2 war axe
 x - a +0 morningstar of draining
 C - a +3 trident (weapon)
Missiles
 l - 2 javelins (quivered)
Armour
 b - a +0 scale mail (worn)
 c - a +0 shield (worn)
 g - a +0 pair of gloves (worn)
Jewellery
 u - an uncursed amulet of warding {unknown}
Wands
 q - a wand of random effects (24)
 y - a wand of paralysis (11)
Scrolls
 j - a scroll of amnesia
 k - 3 scrolls of identify
 m - 4 scrolls of teleportation
 r - a scroll of fear {unknown}
 t - 3 scrolls of recharging {unknown}
 w - 7 scrolls of remove curse {unknown}
 B - a scroll of holy word {unknown}
Potions
 i - 6 potions of curing {unknown}
 n - a potion of heal wounds {unknown}
 o - 2 potions of ambrosia {unknown}
 p - 4 potions of magic {unknown}
 v - a potion of brilliance {unknown}
 z - a potion of lignification {unknown}
 A - a potion of degeneration {unknown}
Comestibles
 e - a bread ration
 h - 3 beef jerkies
 s - a meat ration


   Skills:
 + Level 5.3 Fighting
 + Level 4.4 Axes
 + Level 6.0 Armour
 + Level 2.6 Dodging
 + Level 0.6 Stealth
 + Level 5.5 Shields


You had 6 spell levels left.
You didn't know any spells.

Dungeon Overview and Level Annotations

Branches:
Dungeon (6/15)             Temple (0/1) D:4

Altars:
Makhleb
Xom

Shops:
D:6 [

Annotations:
D:6 Shenda's ghost, novice HuFi


Innate Abilities, Weirdness & Mutations

You reflexively headbutt those who attack you in melee.
You have a pair of horns on your head.
You tend to lose your temper in combat.
You are robust (+10% HP).
You can spit weak poison.


Message History

Shenda's ghost hits you but does no damage.
You hit Shenda's ghost.
Shenda's ghost is lightly damaged.
You block Shenda's ghost's attack.
You hit Shenda's ghost.
Shenda's ghost is lightly damaged.
Shenda's ghost hits you but does no damage.
Shenda's ghost hits you. Shenda's ghost burns you.
Drink which item? (? for menu, Esc to quit)
It was a potion of mutation.
You feel extremely strange.
There is a nasty taste in your mouth for a moment.
You feel a little pissed off.
You feel robust. Shenda's ghost hits you!
* * * LOW HITPOINT WARNING * * *
Shenda's ghost burns you.
* * * LOW HITPOINT WARNING * * *
Drink which item? (? for menu, Esc to quit)
You feel very mighty all of a sudden. Shenda's ghost hits you!
You die...

#.....# #.....#
#.)...# #.....###
#.......# #####
#...(.#.##....##
.##....W#.........$
...#...@.......<.?.
#................
####...........#
#.?.........#
#.#........##
#...........##
#.........†..#
#..#.##<.###.#
#..#.........#


You could see Shenda's ghost.

Vanquished Creatures
  2 scorpions
  2 orc priests
  A hound (D:3)
  A crimson imp (D:6)
  An orc wizard (D:4)
  2 worker ants
  A hound skeleton (D:4)
  7 gnolls
  3 river rats (D:3)
  7 adders
  A worm (D:2)
  2 giant geckos
  14 orcs
  8 bats
  3 giant cockroaches
  11 goblins
  6 hobgoblins
  3 quokkas
  8 ball pythons
  7 giant newts
  8 jackals
  6 kobolds
  A quokka skeleton (D:4)
  A quokka zombie (D:6)
  6 rats
112 creatures vanquished.

Notes
Turn   | Place    | Note
--------------------------------------------------------------
     0 | D:1      | kaze the Minotaur Fighter began the quest for the Orb.
     0 | D:1      | Reached XP level 1. HP: 19/19 MP: 0/0
   133 | D:1      | Reached XP level 2. HP: 27/27 MP: 1/1
   368 | D:1      | Reached skill level 4 in Fighting
   800 | D:2      | Reached XP level 3. HP: 28/33 MP: 2/2
   811 | D:2      | Found a shimmering altar of Xom.
   943 | D:2      | Reached XP level 4. HP: 18/40 MP: 3/3
  1403 | D:3      | Found a glowing drain.
  1406 | D:3      | Reached skill level 1 in Dodging
  1427 | D:3      | Reached XP level 5. HP: 16/47 MP: 4/4
  1650 | Sewer    | Entered a sewer
  2058 | D:3      | Reached skill level 5 in Armour
  2058 | D:3      | Reached skill level 5 in Shields
  2326 | D:3      | Reached XP level 6. HP: 27/53 MP: 5/5
  2415 | D:3      | Found a burning altar of Makhleb.
  2492 | D:4      | Found a staircase to the Ecumenical Temple.
  2585 | D:4      | Reached skill level 5 in Fighting
  3192 | D:4      | You fall through a shaft for 2 floors!
  3199 | D:6      | Found Omijuh's Antique Armour Shoppe.
  3337 | D:6      | Reached XP level 7. HP: 44/61 MP: 6/6
  3341 | D:6      | Reached skill level 6 in Armour
  3347 | D:6      | Noticed Shenda's ghost (novice HuFi)
  3356 | D:6      | Gained mutation: You can spit weak poison. [potion of mutation]
  3356 | D:6      | Gained mutation: You tend to lose your temper in combat. [potion of mutation]
  3356 | D:6      | Gained mutation: You are robust (+10% HP). [potion of mutation]
  3357 | D:6      | Slain by Shenda's ghost

Action                   |  1- 3 |  4- 6 |  7- 9 || total
-------------------------+-------+-------+-------++-------
Melee: War axe           |    60 |   157 |       ||   217
       Trident           |       |    12 |    11 ||    23
  Use: Potion            |       |     1 |     2 ||     3
       Scroll            |       |     7 |       ||     7
  Eat: Bread ration      |       |     2 |       ||     2
       Chunk             |       |     1 |       ||     1
